 Dungeon Crawl Stone Soup version 0.30-a0-743-gbfdf073431 (webtiles) character file.

Game seed: 3997486943582616270

2522383 RepoMan the Chief of Staff (level 27, 261/261 HPs)
             Began as a Minotaur Gladiator on Feb 6, 2023.
             Was the Champion of Okawaru.
             Escaped with the Orb
             ... and 4 runes on Feb 7, 2023!
             The game lasted 07:26:37 (61765 turns).

RepoMan the Chief of Staff (Minotaur Gladiator)    Turns: 61765, Time: 07:26:37

Health: 261/261    AC: 41    Str: 41 (46) XL:     27
Magic:  31/31      EV: 24    Int:  1 (6)  God:    Okawaru [******]
Gold:   9395       SH:  0    Dex:  9 (17) Spells: 25/34 levels left

rFire   + + .      SeeInvis +    w - +7 lajatang of Order {silver, rMut}
rCold   + . .      Faith    .    (shield currently unavailable)
rNeg    + . .      Spirit   .    F - +8 gold dragon scales
rPois   +          Reflect  .    t - +0 hat of the Slightly Bent {Will+ Str+4}
rElec   +          Harm     .    I - scarf {rC+ rF+}
rCorr   .          Rampage  .    c - +1 pair of gloves {infuse}
rMut    +                        W - +2 pair of boots of the Vestibule of Hell {Str+2 Dex+4}
Will    +++..                    f - amulet of Lukinlul {Regen+ Str+3} Stlth
                                 M - ring of the Hare {EV+10}
HPRegen 1.43/turn                r - ring "Boalihil" {rElec rC- rN+ Str+4 SInv}
MPRegen 0.22/turn

@: studying 2 skills
A: horns 2, retaliatory headbutt, iridescent scales 1, electricity resistance,
strong 1
0: Orb of Zot
}: 4/15 runes: barnacled, slimy, silver, gossamer
a: Renounce Religion, Heroism, Finesse, Duel


You escaped.
You worshipped Okawaru.
Okawaru was exalted by your worship.
You visited 12 branches of the dungeon, and saw 56 of its levels.
You visited the Abyss 2 times.
You visited 1 bazaar.
You also visited: Trove, Sewer, Gauntlet and Wizlab.

You collected 10940 gold pieces.
You spent 1545 gold pieces at shops.

Inventory:

Hand Weapons
 h - the +6 quarterstaff "Hedgheupp" {holy, rPois Will+++ Int-5 SInv}
   (Okawaru gifted it to you on level 3 of the Depths)

   Int:       It affects your intelligence (-5).
   rPois:     It protects you from poison.
   SInv:      It lets you see invisible.
   Will:      It greatly increases your willpower.
 w - the +7 lajatang of Order (weapon) {silver, rMut}
   (Okawaru gifted it to you on level 5 of the Lair of Beasts)

   rMut:      It protects you from mutation.
Missiles
 o - 2 boomerangs (quivered)
 O - 6 throwing nets
 V - 16 javelins
 Z - 22 silver javelins
Armour
 c - a +1 pair of gloves of infusion (worn)
 e - a +2 cloak of poison resistance
 t - the +0 hat of the Slightly Bent (worn) {Will+ Str+4}
   (Okawaru gifted it to you on level 2 of the Vaults)

   Str:       It affects your strength (+4).
   Will:      It increases your willpower.
 u - +3 storm dragon scales {Bai Suzhen}
 F - +8 gold dragon scales (worn)
 I - a scarf of resistance (worn)
 W - the +2 pair of boots of the Vestibule of Hell (worn) {Str+2 Dex+4}
   (Okawaru gifted it to you on level 13 of the Dungeon)

   Str:       It affects your strength (+2).
   Dex:       It affects your dexterity (+4).
Jewellery
 a - the ring of Oroudik {rC+ rCorr SInv}
   (You found it in a treasure trove)

   [ring of see invisible]

   rC:        It protects you from cold.
   SInv:      It lets you see invisible.
   rCorr:     It protects you from acid and corrosion.
 f - the amulet of Lukinlul (around neck) {Regen+ Str+3}
   (You found it in a treasure trove)

   [amulet of regeneration]

   Str:       It affects your strength (+3).
   Regen:     It increases your rate of health regeneration.
 g - the ring of Jiubaodeeck {rF+ Will+ Dex+3}
   (You found it in a treasure trove)

   [ring of willpower]

   Dex:       It affects your dexterity (+3).
   rF:        It protects you from fire.
   Will:      It increases your willpower.
 p - the ring "Vostrubb" {rN+ Will+ Str+4 SInv}
   (You found it on level 3 of the Crypt)

   [ring of positive energy]

   Str:       It affects your strength (+4).
   rN:        It protects you from negative energy.
   SInv:      It lets you see invisible.
   Will:      It increases your willpower.
 r - the ring "Boalihil" (right hand) {rElec rC- rN+ Str+4 SInv}
   (You found it on level 3 of the Crypt)

   [ring of positive energy]

   Str:       It affects your strength (+4).
   rC:        It makes you vulnerable to cold.
   rElec:     It insulates you from electricity.
   rN:        It protects you from negative energy.
   SInv:      It lets you see invisible.
 A - the ring "Coxi" {rF+ Will+}
   (You took it off a deep elf zephyrmancer on level 3 of the Elven Halls)

   [ring of willpower]

   rF:        It protects you from fire.
   Will:      It increases your willpower.
 G - the ring "Xicihis" {rC+ rN+ Will+ Str-2 Slay+4}
   (You found it in a treasure trove)

   [ring of slaying]

   Str:       It affects your strength (-2).
   Slay:      It affects your accuracy & damage with ranged weapons and melee
   (+4).
   rC:        It protects you from cold.
   rN:        It protects you from negative energy.
   Will:      It increases your willpower.
 J - the ring "Luffet" {Fly rF+ rC+ Stlth+}
   (You found it on level 1 of the Depths)

   [ring of protection from fire]

   rF:        It protects you from fire.
   rC:        It protects you from cold.
   Fly:       It grants you flight.
   Stlth:     It makes you more stealthy.
 M - the ring of the Hare (left hand) {EV+10}
   (You found it in a Gauntlet)

   [ring of evasion]

   EV:        It affects your evasion (+10).
 S - the ring "Roingiav" {rPois Dex+4}
   (You found it on level 5 of the Pits of Slime)

   [ring of poison resistance]

   Dex:       It affects your dexterity (+4).
   rPois:     It protects you from poison.
 U - a +6 ring of intelligence
Wands
 H - a wand of roots (46)
 R - a wand of digging (3)
 Y - a wand of light (11)
Scrolls
 b - 12 scrolls of fog
 k - 3 scrolls of blinking
 m - a scroll of enchant armour
 x - 21 scrolls of teleportation
 C - 4 scrolls of fear
 D - 8 scrolls of immolation
 K - a scroll of amnesia
 L - 2 scrolls of enchant weapon
 N - 3 scrolls of silence
 Q - 9 scrolls of poison
 T - 7 scrolls of magic mapping
Potions
 d - 5 potions of might
 i - 20 potions of curing
 j - 9 potions of lignification
 l - 8 potions of brilliance
 n - 4 potions of mutation
 q - 2 potions of resistance
 v - 7 potions of cancellation
 z - 9 potions of magic
 B - 3 potions of invisibility
 E - 6 potions of heal wounds
 P - 7 potions of berserk rage
 X - 10 potions of flight
Miscellaneous
 s - a condenser vane
 y - a phial of floods


   Skills:
 + Level 24.3 Fighting
 O Level 27 Staves
 + Level 19.4 Throwing
 - Level 22.2 Armour
 + Level 20.9 Dodging
 + Level 4.2 Spellcasting
 - Level 9.9 Translocations
 - Level 9.9 Transmutations
 * Level 9.1 Air Magic
 - Level 3.3 Earth Magic
 - Level 13.3 Invocations


You had 25 spell levels left.
You knew the following spells:

 Your Spells              Type           Power      Damage    Failure   Level
l - Lesser Beckoning      Tloc           4%         N/A       6%          2
p - Passwall              Tmut/Erth      0%         N/A       22%         2
v - Vhi's Electric Charg  Tloc/Air       4%         N/A       14%         3
w - Wereblood             Tmut           2%         N/A       6%          2

Your spell library contained the following spells:

 Spells                   Type           Power      Damage    Failure   Level
 Beastly Appendage        Tmut           4%         N/A       3%          1
 Blink                    Tloc           4%         N/A       6%          2
 Gell's Gravitas          Tloc           2%         N/A       12%         3
 Teleport Other           Tloc           2%         N/A       12%         3
 Sting                    Tmut/Pois      4%         1d3       28%         1
 Shock                    Conj/Air       4%         1d3       34%         1
 Manifold Assault         Tloc           2%         N/A       36%         4
 Passage of Golubria      Tloc           2%         N/A       36%         4
 Momentum Strike          Conj/Tloc      2%         3d8       41%         2
 Poisonous Vapours        Pois/Air       2%         N/A       45%         2
 Static Discharge         Conj/Air       2%         2-3/arc   45%         2
 Kindle Blastsparks       Fire/Tloc/Air  2%         2d10      45%         3
 Sandblast                Erth           0%         2d4       50%         1
 Portal Projectile        Hex/Tloc       2%         N/A       65%         3
 Spider Form              Tmut/Pois      1%         N/A       65%         3
 Cigotuvi's Dreadful Rot  Necr/Pois/Air  0%         N/A       67%         2
 Blade Hands              Tmut           1%         N/A       71%         5
 Ignite Poison            Fire/Tmut/Pois 0%         N/A       86%         3
 Mephitic Cloud           Conj/Pois/Air  0%         N/A       88%         3
 Foxfire                  Conj/Fire      0%         2x1d4     92%         1
 Magic Dart               Conj           0%         1d3       92%         1
 Necrotise                Necr           0%         1d4       92%         1
 Ice Form                 Ice/Tmut       1%         N/A       96%         4
 Iskenderun's Mystic Bla  Conj/Tloc      1%         2d3       96%         4
 Searing Ray              Conj           0%         2d4       98%         2
 Stone Arrow              Conj/Erth      0%         3d7       98%         3
 Dazzling Flash           Conj/Hex       0%         N/A       100%        3
 Frozen Ramparts          Ice            0%         1d1       100%        3
 Ozocubu's Armour         Ice            0%         N/A       100%        3
 Vampiric Draining        Necr           0%         2d6       100%        3
 Anguish                  Hex/Necr       0%         N/A       100%        4
 Cause Fear               Hex            0%         N/A       100%        4
 Dispel Undead            Necr           0%         3d6       100%        4
 Fulminant Prism          Conj/Hex       0%         3d5       100%        4
 Leda's Liquefaction      Hex/Erth       0%         N/A       100%        4
 Olgreb's Toxic Radiance  Pois           0%         N/A       100%        4
 Sticky Flame             Conj/Fire      0%         2d3       100%        4
 Agony                    Necr           0%         N/A       100%        5
 Arcjolt                  Conj/Air       0%         1d10      100%        5
 Borgnjor's Vile Clutch   Necr/Erth      0%         N/A       100%        5
 Fireball                 Conj/Fire      0%         3d3       100%        5
 Irradiate                Conj/Tmut      0%         3d11      100%        5
 Iskenderun's Battlesphe  Conj           0%         2d6       100%        5
 Lee's Rapid Deconstruct  Erth           0%         3d4*      100%        5
 Lightning Bolt           Conj/Air       0%         1d11      100%        5
 Metabolic Englaciation   Hex/Ice        0%         N/A       100%        5
 Silence                  Hex/Air        0%         N/A       100%        5
 Yara's Violent Unravell  Hex/Tmut       0%         3d3       100%        5
 Conjure Ball Lightning   Conj/Air       0%         3x3d6     100%        6
 Iron Shot                Conj/Erth      0%         9d1       100%        6
 Starburst                Conj/Fire      0%         6d3       100%        6
 Statue Form              Tmut/Erth      0%         N/A       100%        6
 Dragon Form              Tmut           1%         N/A       100%        7
 Enfeeble                 Hex            0%         N/A       100%        7
 Orb of Destruction       Conj           0%         9d5       100%        7
 Storm Form               Tmut/Air       1%         N/A       100%        7
 Borgnjor's Revivificati  Necr           0%         N/A       100%        8
 Disjunction              Tloc           1%         N/A       100%        8
 Ignition                 Fire           0%         3d3       100%        8
 Lehudib's Crystal Spear  Conj/Erth      0%         10d2      100%        8
 Maxwell's Capacitive Co  Air            1%         ∞         100%        8
 Necromutation            Tmut/Necr      0%         N/A       100%        8
 Chain Lightning          Conj/Air       0%         2d1       100%        9
 Death's Door             Necr           0%         N/A       100%        9
 Fire Storm               Conj/Fire      0%         5d1       100%        9
 Shatter                  Erth           0%         3d5*      100%        9
 Summon Lightning Spire   Summ/Air       Unusable   N/A       N/A         4
 Tukima's Dance           Hex            Unusable   N/A       N/A         3
 Animate Armour           Summ/Erth      Unusable   N/A       N/A         4
 Animate Dead             Necr           Unusable   N/A       N/A         4
 Summon Ice Beast         Ice/Summ       Unusable   N/A       N/A         4
 Death Channel            Necr           Unusable   N/A       N/A         6
 Simulacrum               Ice/Necr       Unusable   N/A       N/A         6
 Haunt                    Necr/Summ      Unusable   N/A       N/A         7
 Infestation              Necr           Unusable   N/A       N/A         8
 Dragon's Call            Summ           Unusable   N/A       N/A         9

Dungeon Overview and Level Annotations

Branches:
Dungeon (15/15)            Temple (1/1) D:6            Lair (5/5) D:10
 Shoals (4/4) Lair:3       Spider (4/4) Lair:3        Slime (5/5) Lair:5
    Orc (2/2) D:9             Elf (3/3) Orc:2        Vaults (5/5) D:14
  Crypt (3/3) Vaults:3       Tomb (0/3) Crypt:3      Depths (4/4) D:15
    Zot (5/5) Depths:4      Sewer (visited)          WizLab (visited)
Gauntlet (visited)

Altars:
Ashenzari
Cheibriados
Dithmenos
Elyvilon
Fedhas
Gozag
Hepliaklqana
Kikubaaqudgha
Makhleb
Nemelex Xobeh
Okawaru
Qazlal
Ru
Sif Muna
Trog
Uskayaw
Vehumet
Wu Jian
Xom
Yredelemnul
Zin
The Shining One
Jiyva

Shops:
D:5 !*   D:10 (   Orc:2 *:?*:   Elf:3 ((   Depths:1 :   Depths:2 =
Depths:4 =:=

Portals:
Hell: Lair:5 Depths:1 Depths:2 Depths:3 Depths:4
Abyss: Depths:2 Depths:3
Pandemonium: Depths:1 Depths:2
Ziggurat: Depths:1

Annotations:
D:15 Roxanne
Zot:4 1 transporter


Innate Abilities, Weirdness & Mutations

You have a pair of horns on your head.
You reflexively headbutt those who attack you in melee.
You are partially covered in iridescent scales. (AC +2)
You are resistant to electric shocks. (rElec)
Your muscles are strong. (Str +4, Int/Dex -1)


Message History

You slice the Orb Guardian like a ripe choko!!!!
You kill the Orb Guardian!
Okawaru accepts your kill.
There is a stone staircase leading up here.
You climb upwards.
There is a stone staircase leading down here.
You see here a staff of death.
There is a stone staircase leading up here.
You climb upwards.
There is a stone staircase leading down here.
Okay, then.
There is an escape hatch in the ceiling here.
A mysterious force pulls you upwards. The hatch slams shut behind you.
You see here a +0 short sword.
Casting: Lesser Beckoning (safe; 3% risk of failure)
Confirm with . or Enter, or press ? or * to list all spells.
Aiming: Passwall (safe; 16% risk of failure)
Press: ? - help, Dir - move target A rock wall.
This square is covered in magical glow.
You begin to meditate on the wall.
You continue meditating on the rock. x2
You finish merging with the rock.
You climb upwards.
There is a stone staircase leading down here.
Blink to where?
Press: ? - help, Dir - move target
As you read the scroll of blinking, it crumbles to dust.
Okay, then.
Blink to where?
Press: ? - help, Dir - move target
As you read the scroll of blinking, it crumbles to dust.
There is a staircase leading out of the dungeon here.
You're wearing all the rings you can.
Remove which one? (? for menu, Esc to cancel) < or
U - a +6 ring of intelligence > or
r - the ring "Boalihil" {rElec rC- rN+ Str+4 SInv} You remove your +6 ring of intelligence.
You feel stupid.
M - the ring of the Hare (left hand) {EV+10} You have escaped!

#################
#P@.#P..#...#.P.#
#..P#...#...#...#
##'###'###'###'##
###...............#
##.'.......##......#
###..#...............#
######...###'###'###'###'##
#....§.####...#...#...#P.P#
#.###### #.~.#.P.#...#...#


There were no monsters in sight!

Vanquished Creatures
  the Royal Jelly (Slime:5)
  Dissolution (Slime:2)
  3 dread liches
  2 orbs of fire (Zot:5)
  2 ancient liches (Zot:5)
  Mara (Vaults:5)
  Mennas (Crypt:3)
  A juggernaut (Depths:3)
  A royal mummy (Crypt:3)
  Bai Suzhen (Shoals:3)
  Saint Roka (Depths:4)
  7 Killer Klowns
  9 golden dragons
  Nikola (Vaults:1)
  2 bone dragons
  4 electric golems
  Arachne (Spider:2)
  Jorgrun (Elf:2)
  9 tentacled monstrosities
  Asterion (Spider:2)
  12 quicksilver dragons
  A shard shrike skeleton (Crypt:3)
  5 titans (Vaults:5)
  3 deep elf blademasters
  7 liches
  23 acid blobs
  29 Orb Guardians
  2 deep elf master archers (Elf:3)
  4 sphinxes
  A kraken (Shoals:4)
  9 ancient champions
  10 death cobs
  4 tengu reavers (Vaults:5)
  Kirke (D:12)
  12 shadow dragons
  10 storm dragons
  4 revenants
  9 fire giants
  11 draconian monks
  8 rockslimes
  9 azure jellies
  7 draconian knights
  2 deep elf sorcerers
  8 draconian shifters
  19 vault wardens
  Aizul (Depths:1)
  10 frost giants
  5 ghost moths
  Louise (Shoals:4)
  4 balrugs
  3 curse skulls
  3 draconian scorchers
  12 ghouls
  An orc warlord (Orc:1)
  2 cacodemons (Depths:3)
  A broodmother (shapeshifter) (Gauntlet)
  7 emperor scorpions (Spider:4)
  2 broodmothers
  2 angels (WizLab)
  2 caustic shrike skeletons (Depths:3)
  A draconian stormcaller (Zot:2)
  2 deep elf elementalists (Elf:3)
  2 spriggan defenders (Depths:3)
  A reaper (D:15)
  5 draconian annihilators
  19 ironbound preservers
  A juggernaut skeleton (Depths:1)
  5 war gargoyles
  6 quicksilver oozes
  18 ironbound thunderhulks
  38 very ugly things
  11 deep elf demonologists
  Azrael (Arena)
  14 green draconians
  7 vampire knights
  6 black draconians
  5 deep elf annihilators (Elf:3)
  10 stone giants
  15 spark wasps
  11 yellow draconians
  A bunyip (shapeshifter) (Depths:1)
  11 purple draconians
  7 dire elephants (Vaults:1)
  12 white draconians
  A minotaur (Gauntlet)
  14 deep elf death magi
  9 red draconians
  9 ettins
  3 crystal guardians
  3 green deaths
  A blizzard demon (D:15)
  9 eidola
  7 jiangshi
  A mummy priest (Crypt:3)
  8 fire dragons
  9 yaktaur captains
  Josephine (D:15)
  4 merfolk javelineers (Shoals:4)
  33 vault guards
  12 great orbs of eyes
  7 merfolk impalers
  3 deep elf high priests
  A salamander tyrant (WizLab)
  5 entropy weavers
  A spriggan zombie (Depths:1)
  A fenstrider witch zombie (Crypt:1)
  2 rakshasas (Depths:1)
  4 merfolk avatars
  7 ice dragons
  6 peacekeepers
  3 hell beasts
  A spriggan skeleton (Crypt:3)
  6 hydras
  3 ogre magi
  5 merfolk aquamancers
  A spriggan air mage (Depths:3)
  12 centaur warriors
  2 death knights
  3 radroaches
  9 boulder beetles
  23 dancing weapons
  A fenstrider witch skeleton (Crypt:2)
  14 two-headed ogres
  4 ironbound frosthearts
  A death yak (Lair:5)
  The ghost of anet the Covered, a journeyman GrCj of Sif Muna (D:11)
  6 deep troll shamans
  The ghost of LetschGu the Summoner, a journeyman TeSu of Ashenzari (D:11)
  7 vampire magi
  2 alligator snapping turtles (Shoals:4)
  6 tengu warriors
  14 deep troll earth magi
  3 satyrs
  3 orc high priests (Orc:2)
  3 spriggan berserkers
  4 sun demons
  12 hell knights
  13 deep elf knights
  5 soul eaters
  3 wretched stars (Abyss:3)
  3 shadow wraiths
  A sun moth (Spider:4)
  3 sixfirhies
  37 skeletal warriors
  12 iron trolls
  6 pharaoh ants
  78 deep trolls
  A fire crab (Gauntlet)
  8 flayed ghosts
  A golden dragon zombie (Depths:3)
  8 sea snakes
  8 orb spiders
  6 orc knights
  A spriggan druid (Depths:4)
  A shadow demon (Abyss:3)
  6 glowing orange brains
  2 bog bodies
  10 lindwurms
  9 wizards
  Pikel (D:8)
  4 starcursed masses (Abyss:3)
  An obsidian statue (Depths:3)
  7 deep elf archers
  2 anaconda skeletons
  8 phantasmal warriors
  28 deep elf pyromancers
  29 harpies
  17 wolf spiders
  A mana viper (shapeshifter) (Elf:3)
  18 ironbound convokers
  7 necromancers
  7 steelbarb worms
  12 fauns
  29 deep elf zephyrmancers
  4 shining eyes
  A draconian zombie (Crypt:1)
  13 manticores
  40 ugly things
  17 cyclopes
  24 moths of wrath
  3 orc sorcerers (Orc:2)
  A fire giant zombie (Depths:1)
  Maurice (D:13)
  A worldbinder (Abyss:3)
  5 merfolk sirens
  5 black mambas
  20 vault sentinels
  6 demonic crawlers
  6 torpor snails
  Joseph (D:8)
  13 cane toads
  A stone giant skeleton (Crypt:3)
  5 water nymphs
  An apocalypse crab (Abyss:3)
  5 orange demons
  6 molten gargoyles (WizLab)
  2 centaur zombies
  9 elephants
  7 smoke demons
  7 gargoyles
  An eye of devastation (Slime:5)
  An unseen horror (shapeshifter) (Elf:2)
  3 tormentors
  A kobold demonologist (D:10)
  An alligator snapping turtle skeleton (Crypt:1)
  A swamp worm zombie (Crypt:1)
  A hellion (Depths:2)
  6 rime drakes
  2 redback zombies
  An unseen horror (D:12)
  8 komodo dragons
  A rime drake (shapeshifter) (Elf:1)
  6 efreet
  A yellow draconian zombie (Crypt:1)
  2 bunyip simulacra
  5 tengu conjurers
  2 freezing wraiths
  5 ice devils
  6 guardian mummies (Crypt:3)
  A black draconian skeleton (Crypt:1)
  A minotaur skeleton (Crypt:1)
  3 red devils
  A silent spectre (Abyss:3)
  33 yaktaurs
  A spark wasp simulacrum (Depths:3)
  A sea snake skeleton (Crypt:2)
  A human skeleton (Vaults:2)
  An ancient zyme (Abyss:3)
  4 polar bears
  4 wind drakes
  4 meliai
  24 merfolk
  3 trolls
  2 hellwings (Depths:2)
  A polar bear (shapeshifter) (Depths:1)
  A harpy zombie (Crypt:2)
  A mana viper skeleton (Crypt:3)
  A hornet (shapeshifter) (D:13)
  4 hornets
  A harpy skeleton (Abyss:3)
  A wind drake (shapeshifter) (D:12)
  A raiju (Gauntlet)
  5 snapping turtles
  23 tarantellas
  Prince Ribbit (D:8)
  18 blink frogs
  A guardian serpent skeleton (Crypt:2)
  79 slime creatures
  A fire dragon zombie (Crypt:2)
  29 jumping spiders
  A stone giant simulacrum (Vaults:4)
  A slime creature (shapeshifter) (Gauntlet)
  8 flying skulls
  An ettin skeleton (Crypt:2)
  A jumping spider (shapeshifter) (D:13)
  3 air elementals
  8 vampires
  18 culicivoras
  A fire dragon skeleton (Crypt:2)
  2 centaur simulacra
  9 wraiths
  27 yaks
  A spriggan (Depths:3)
  11 water elementals
  7 wyverns
  3 ynoxinuls
  11 fire elementals
  Eustachio (D:4)
  5 basilisks
  5 fire bats
  Grum (D:9)
  6 golden eyes
  4 hogs (D:12)
  7 humans (D:14)
  37 redbacks
  5 vampire mosquitoes
  3 steam dragons
  3 chaos spawn
  4 wargs
  6 spatial vortices (Abyss:3)
  2 neqoxecs
  A glowing shapeshifter zombie (Vaults:2)
  10 water moccasins
  A harpy simulacrum (Crypt:3)
  3 acid dragons
  An ogre zombie (Vaults:2)
  8 hydra simulacra (Depths:3)
  A glowing shapeshifter skeleton (Depths:3)
  11 hell hounds
  30 orc warriors
  2 ice beasts
  9 large abominations (Abyss:3)
  A sky beast (shapeshifter) (Elf:3)
  2 black bears
  A demonspawn skeleton (Crypt:1)
  An ettin simulacrum (Crypt:1)
  11 ogres
  A blink frog zombie (Crypt:1)
  10 boggarts (Vaults:1)
  A tengu (D:10)
  20 centaurs
  27 wolves
  4 kobold brigands
  2 lemures (D:8)
  A hog skeleton (Crypt:3)
  A phantom (D:4)
  7 bullfrogs
  2 gnoll sergeants
  5 earth elementals
  A naga simulacrum (Crypt:3)
  11 necrophages
  A scorpion (D:6)
  12 wights
  A polar bear zombie (Crypt:3)
  A shapeshifter zombie (Crypt:3)
  17 killer bees
  3 electric eels
  11 howler monkeys
  5 jellies
  A quasit (Abyss:3)
  2 hounds
  11 orc priests
  A gnoll bouda (D:6)
  An iron imp (Abyss:3)
  A basilisk skeleton (Crypt:2)
  Natasha (twice) (D:3)
  3 iguanas
  24 orc wizards
  3 hell rats (Lair:2)
  2 lightning spires (WizLab)
  4 small abominations (Abyss:3)
  A tengu zombie (Crypt:3)
  2 naga skeletons
  A deep dwarf skeleton (Crypt:2)
  33 gnolls
  10 river rats
  7 adders
  A swamp drake zombie (Crypt:2)
  A shadow imp (D:8)
  2 white imps
  An ufetubus (Abyss:3)
  A lava snake zombie (Crypt:3)
  3 worms
  4 dart slugs
  88 orcs
  10 endoplasms
  5 giant cockroaches
  8 goblins
  13 hobgoblins
  8 jackals
  5 quokkas
  13 ball pythons
  4 bats (D:1)
  5 frilled lizards
  A goblin zombie (Crypt:1)
  A jackal skeleton (Crypt:2)
  21 kobolds
  An orc zombie (Crypt:3)
  17 rats
  A rat zombie (Crypt:2)
  2 tentacles (Shoals:4)
2503 creatures vanquished.

Vanquished Creatures (others)
  A quicksilver dragon (Zot:5)
  2 vault guards (D:14)
  2 deep elf knights
  A deep elf archer (Elf:1)
  A deep elf pyromancer (Elf:2)
  A deep elf zephyrmancer (Elf:2)
  A yaktaur (Vaults:2)
  A human (D:14)
  An orc priest (D:12)
  An orc (Depths:4)
  17 demonic plants
  34 fungi
  78 plants
  8 tentacles (Shoals:4)
149 creatures vanquished.

Grand Total: 2652 creatures vanquished

Notes
Turn   | Place    | Note
-------+----------+-------------------------------------------
     0 | D:1      | RepoMan the Minotaur Gladiator began the quest for the Orb.
     0 | D:1      | Reached XP level 1. HP: 18/18 MP: 0/0
   111 | D:1      | Reached skill level 4 in Staves
   112 | D:1      | Reached XP level 2. HP: 25/25 MP: 1/1
   339 | D:1      | Reached XP level 3. HP: 31/31 MP: 2/2
   695 | D:2      | Reached skill level 5 in Staves
   801 | D:2      | Reached XP level 4. HP: 38/38 MP: 3/3
   843 | D:2      | Identified the +0 leather armour of Delightful Mirth {rF+
                  | MP+9 Dex+4}
  1682 | D:3      | Noticed Natasha
  1689 | D:3      | Killed Natasha
  1690 | D:3      | Reached skill level 6 in Staves
  2008 | D:3      | Noticed Natasha
  2014 | D:3      | Killed Natasha
  2015 | D:3      | Reached XP level 5. HP: 44/45 MP: 4/4
  2180 | D:4      | Noticed Eustachio
  2226 | D:4      | Killed Eustachio
  2227 | D:4      | Reached skill level 8 in Staves
  2227 | D:4      | Reached XP level 6. HP: 51/51 MP: 5/5
  2359 | D:4      | Found a glowing drain.
  2370 | Sewer    | Entered a sewer
  2874 | D:4      | Reached skill level 9 in Staves
  2874 | D:4      | Reached XP level 7. HP: 40/58 MP: 6/6
  3286 | D:5      | Entered Level 5 of the Dungeon
  3293 | D:5      | You fall into a shaft and drop 3 floors!
  3320 | D:8      | Reached skill level 1 in Armour
  3424 | D:8      | Noticed Joseph
  3439 | D:8      | Killed Joseph
  3440 | D:8      | Reached skill level 10 in Staves
  3440 | D:8      | Reached XP level 8. HP: 59/67 MP: 7/7
  3475 | D:8      | Reached skill level 5 in Fighting
  3529 | D:8      | Noticed Pikel
  3692 | D:8      | Reached skill level 5 in Dodging
  3867 | D:7      | Reached skill level 11 in Staves
  4141 | D:6      | Reached XP level 9. HP: 77/77 MP: 8/8
  4149 | D:6      | Found a staircase to the Ecumenical Temple.
  4163 | Temple   | Entered the Ecumenical Temple
  4304 | Temple   | Became a worshipper of Warmaster Okawaru
  4486 | D:5      | Found a stormy altar of Qazlal.
  4710 | D:5      | Found Tusabu's Neck Hole.
  4895 | D:5      | Found Neiwat's Distillery.
  4900 | D:5      | Bought a potion of might for 48 gold pieces
  4900 | D:5      | Bought a potion of resistance for 120 gold pieces
  4900 | D:5      | Bought a potion of heal wounds for 60 gold pieces
  4900 | D:5      | Bought a potion of ambrosia for 96 gold pieces
  5260 | D:6      | Reached skill level 12 in Staves
  5295 | D:6      | Reached * piety under Okawaru
  5684 | D:7      | Noticed a two-headed ogre
  5748 | D:7      | Killed a two-headed ogre
  5749 | D:7      | Reached skill level 13 in Staves
  5809 | D:7      | Reached ** piety under Okawaru
  6159 | D:7      | Found a shimmering blue altar of Sif Muna.
  6264 | D:8      | Reached XP level 10. HP: 83/87 MP: 9/9
  6311 | D:8      | Noticed Prince Ribbit
  6329 | D:8      | Killed Prince Ribbit
  6391 | D:8      | Killed Pikel
  6876 | D:8      | Reached skill level 14 in Staves
  7236 | D:9      | Reached *** piety under Okawaru
  7377 | D:9      | Paralysed by a hornet for 2 turns
  7384 | D:9      | Reached skill level 1 in Invocations
  7697 | D:9      | Noticed Grum
  7716 | D:9      | Killed Grum
  7906 | D:9      | Reached **** piety under Okawaru
  8068 | D:9      | Found a staircase to the Orcish Mines.
  8283 | D:10     | Entered Level 10 of the Dungeon
  8436 | D:10     | Reached XP level 11. HP: 94/97 MP: 11/11
  8482 | D:10     | Noticed a two-headed ogre
  8499 | D:10     | Killed a two-headed ogre
  8500 | D:10     | Reached skill level 15 in Staves
  8531 | D:10     | Found Otratoe's Weapon Emporium.
  8591 | D:10     | Noticed a green ugly thing
  8596 | D:10     | Noticed a five-headed hydra
  8618 | D:10     | Found a transporter.
  8619 | D:10     | Noticed a fire giant
  8620 | D:10     | Noticed a two-headed ogre
  8634 | D:10     | Found a staircase to the Lair.
  8640 | D:10     | Found a transporter.
  8869 | D:11     | Received a gift from Okawaru
  9023 | D:11     | Found a runed translucent gate.
  9023 | D:11     | Found a runed translucent gate.
  9024 | D:11     | Found a runed translucent gate.
  9027 | D:11     | Noticed anet's ghost (journeyman GrCj)
  9027 | D:11     | Noticed LetschGu's ghost (journeyman TeSu)
  9139 | D:11     | Noticed a two-headed ogre
  9151 | D:11     | Killed a two-headed ogre
  9180 | D:11     | Reached skill level 10 in Fighting
  9286 | D:11     | Noticed a boulder beetle
  9303 | D:11     | Killed a boulder beetle
  9303 | D:11     | Reached ***** piety under Okawaru
 10005 | Lair:1   | Entered Level 1 of the Lair of Beasts
 10122 | Lair:1   | Received a gift from Okawaru
 10378 | Lair:1   | Reached skill level 5 in Throwing
 10969 | Lair:2   | Received a gift from Okawaru
 11185 | Lair:2   | Noticed a four-headed hydra
 11197 | Lair:2   | Killed a four-headed hydra
 11198 | Lair:2   | Reached skill level 16 in Staves
 11330 | Lair:2   | Identified the +0 buckler of the Orb {Harm +Blink Int+6
                  | Dex-4 Stlth-} (Okawaru gifted it to you on level 2 of the
                  | Lair of Beasts)
 11330 | Lair:2   | Received a gift from Okawaru
 11773 | Lair:2   | Reached XP level 12. HP: 108/108 MP: 14/14
 12332 | Lair:3   | Reached skill level 5 in Invocations
 12414 | Lair:3   | Found a staircase to the Shoals.
 12708 | Lair:3   | Reached skill level 17 in Staves
 13019 | Lair:3   | Reached ****** piety under Okawaru
 13071 | Lair:3   | Received a gift from Okawaru
 13160 | Lair:3   | Found a hole to the Spider Nest.
 13545 | Lair:4   | Noticed a boulder beetle
 13558 | Lair:4   | Killed a boulder beetle
 14166 | Lair:4   | Noticed a seven-headed hydra
 14177 | Lair:4   | Killed a seven-headed hydra
 14178 | Lair:4   | Reached skill level 5 in Armour
 14475 | Lair:4   | Reached XP level 13. HP: 117/118 MP: 16/16
 14762 | Lair:5   | Entered Level 5 of the Lair of Beasts
 14819 | Lair:5   | Reached skill level 18 in Staves
 14825 | Lair:5   | Received a gift from Okawaru
 14880 | Lair:5   | Found a burning altar of Makhleb.
 14906 | Lair:5   | Identified the +1 hat "Jeysm" {-Tele rC+++ Str+8 SInv}
                  | (Okawaru gifted it to you on level 5 of the Lair of Beasts)
 14906 | Lair:5   | Received a gift from Okawaru
 14908 | Lair:5   | Found a gateway to Hell.
 15322 | Lair:5   | Found a staircase to the Slime Pits.
 15427 | Lair:5   | Reached skill level 19 in Staves
 15475 | Lair:5   | Received a gift from Okawaru
 15475 | Lair:5   | Found the +7 lajatang of Order {silver, rMut}
 15689 | Lair:5   | Found a viscous altar of Jiyva.
 16805 | Orc:1    | Entered Level 1 of the Orcish Mines
 16910 | Orc:1    | Noticed an orc warlord
 16922 | Orc:1    | Reached XP level 14. HP: 126/129 MP: 19/19
 16934 | Orc:1    | Killed an orc warlord
 17167 | Orc:1    | Identified the +1 cloak "Togamy" {-Tele rC+ rCorr Dex+4}
                  | (Okawaru gifted it to you on level 1 of the Orcish Mines)
 17167 | Orc:1    | Received a gift from Okawaru
 17217 | Orc:2    | Entered Level 2 of the Orcish Mines
 17217 | Orc:2    | Found a gate leading to a gauntlet.
 17234 | Gauntlet | Entered a Gauntlet
 17234 | Gauntlet | Found a transporter.
 17234 | Gauntlet | Found a transporter.
 17250 | Gauntlet | Found a transporter.
 17255 | Gauntlet | Found a transporter.
 17257 | Gauntlet | Found a large runed translucent door.
 17257 | Gauntlet | Found a large runed translucent door.
 17258 | Gauntlet | Found a large runed translucent door.
 17258 | Gauntlet | Found a large runed translucent door.
 17259 | Gauntlet | Found a large runed translucent door.
 17259 | Gauntlet | Found a large runed translucent door.
 17259 | Gauntlet | Found a runed translucent door.
 17259 | Gauntlet | Found a runed translucent door.
 17259 | Gauntlet | Found a large runed translucent door.
 17260 | Gauntlet | Found a large runed translucent door.
 17260 | Gauntlet | Found a large runed translucent door.
 17261 | Gauntlet | Found a large runed translucent door.
 17266 | Gauntlet | Found a large runed translucent door.
 17266 | Gauntlet | Found a large runed translucent door.
 17267 | Gauntlet | Found a large runed translucent door.
 17267 | Gauntlet | Found a large runed translucent door.
 17267 | Gauntlet | Found a large runed translucent door.
 17267 | Gauntlet | Found a large runed translucent door.
 17270 | Gauntlet | Found a runed translucent gate.
 17270 | Gauntlet | Found a runed translucent gate.
 17270 | Gauntlet | Found a runed translucent gate.
 17272 | Gauntlet | Found a transporter.
 17286 | Gauntlet | Found a transporter.
 17307 | Gauntlet | Found a transporter.
 17378 | Gauntlet | Found a transporter.
 17378 | Gauntlet | Found a transporter.
 17388 | Gauntlet | Found a transporter.
 17398 | Gauntlet | Found a transporter.
 17402 | Gauntlet | Found the ring of the Hare {EV+10}
 17422 | Gauntlet | Found a transporter.
 17445 | Gauntlet | Noticed a broodmother
 17450 | Gauntlet | Found a transporter.
 17483 | Gauntlet | Found a transporter.
 17500 | Gauntlet | Found a transporter.
 17571 | Gauntlet | Killed a broodmother
 17648 | Gauntlet | Reached skill level 10 in Dodging
 17669 | Gauntlet | Found a transporter.
 17786 | Orc:2    | Found Yproenid's Book Shop.
 17807 | Orc:2    | Bought a book of Changes for 288 gold pieces
 17900 | Orc:2    | Found a staircase to the Elven Halls.
 18189 | Orc:2    | Reached skill level 20 in Staves
 18200 | Orc:2    | Found Xicveorr's General Store.
 18200 | Orc:2    | Found Eceth's Book Boutique.
 18207 | Orc:2    | Found Fuez's General Store.
 18207 | Orc:2    | Found Xiorph's Magic Scroll Shoppe.
 18224 | Orc:2    | Bought a scroll of teleportation for 45 gold pieces
 18224 | Orc:2    | Bought 3 scrolls of identify for 90 gold pieces
 18224 | Orc:2    | Bought a scroll of vulnerability for 60 gold pieces
 18225 | Orc:2    | Bought a scroll of teleportation for 42 gold pieces
 18225 | Orc:2    | Bought a scroll of identify for 28 gold pieces
 18225 | Orc:2    | Bought a scroll of immolation for 56 gold pieces
 18225 | Orc:2    | Bought a scroll of fear for 56 gold pieces
 18225 | Orc:2    | Bought a scroll of poison for 56 gold pieces
 18227 | Orc:2    | Bought a scroll of identify for 28 gold pieces
 18227 | Orc:2    | Bought 2 scrolls of fog for 112 gold pieces
 18229 | Orc:2    | Identified a scroll of acquirement
 18234 | Orc:2    | Acquired a +3 spectral quarterstaff
 19093 | D:12     | Received a gift from Okawaru
 19315 | D:12     | Noticed Kirke
 19317 | D:12     | Noticed a sphinx
 19334 | D:12     | Killed Kirke
 19457 | D:12     | Found a bloodstained altar of Trog.
 19754 | D:13     | Identified the +7 short sword "Ogewk" {holy, Str-2 Int+4
                  | Dex+3}
 20040 | D:13     | Noticed Maurice
 20044 | D:13     | Identified the +2 pair of boots of the Vestibule of Hell
                  | {Str+2 Dex+4} (Okawaru gifted it to you on level 13 of the
                  | Dungeon)
 20044 | D:13     | Received a gift from Okawaru
 20052 | D:13     | Killed Maurice
 20290 | D:14     | Reached XP level 15. HP: 85/138 MP: 11/21
 20518 | D:14     | Reached skill level 10 in Armour
 20560 | D:14     | Noticed a sphinx
 20609 | D:14     | Killed a sphinx
 20610 | D:14     | Reached skill level 21 in Staves
 20612 | D:14     | Identified the +7 quarterstaff of the Ten Suns {heavy,
                  | Int+4}
 20616 | D:14     | Identified the +4 scale mail of the Stars {rF+ Regen+ Str+2
                  | Int+2}
 20854 | D:14     | Identified the +1 great sword "Raubase" {speed, rElec rPois
                  | Dex-3}
 20856 | D:14     | Found a gate to the Vaults.
 21163 | D:15     | Entered Level 15 of the Dungeon
 21170 | D:15     | Reached skill level 10 in Invocations
 21177 | D:15     | Noticed Josephine
 21187 | D:15     | Killed Josephine
 21313 | D:15     | Noticed Roxanne
 21361 | D:15     | Acquired the ring of Lieloi {rCorr Str+2 Stlth+}
 21516 | D:15     | Identified the +2 crystal plate armour of Boredom {rCorr}
                  | (Okawaru gifted it to you on level 15 of the Dungeon)
 21516 | D:15     | Received a gift from Okawaru
 21828 | D:15     | Found a staircase to the Depths.
 22400 | Spider:1 | Entered Level 1 of the Spider Nest
 22587 | Spider:1 | Noticed Azrael
 22593 | Arena    | Entered the Arena
 22596 | Arena    | Killed Azrael
 22612 | Spider:1 | Reached skill level 15 in Fighting
 23676 | Spider:2 | Reached XP level 16. HP: 149/149 MP: 21/23
 23750 | Spider:2 | Noticed Asterion
 23765 | Spider:2 | Gained mutation: You are weak. (Str -2) [a cacodemon]
 23767 | Spider:2 | Killed Asterion
 23767 | Spider:2 | Received a gift from Okawaru
 24293 | Spider:2 | Noticed Arachne
 24303 | Spider:2 | Killed Arachne
 24767 | Spider:3 | Reached skill level 22 in Staves
 24908 | Spider:3 | Identified the +6 scale mail "Kouhai" {Rampage}
 25185 | Spider:4 | Entered Level 4 of the Spider Nest
 25356 | Spider:4 | Received a gift from Okawaru
 25428 | Spider:4 | Received a gift from Okawaru
 25499 | Spider:4 | Received a gift from Okawaru
 25673 | Spider:4 | Got a gossamer rune of Zot
 25988 | Shoals:1 | Entered Level 1 of the Shoals
 26084 | Shoals:1 | Reached XP level 17. HP: 147/158 MP: 21/24
 26935 | Shoals:2 | Learned a level 2 spell: Lesser Beckoning
 26938 | Shoals:2 | Learned a level 2 spell: Wereblood
 27119 | Shoals:2 | Identified the +2 pair of gloves of Okawaru, Chewing {-Tele
                  | rF+ rC+ Int+2} (Okawaru gifted it to you on level 2 of the
                  | Shoals)
 27119 | Shoals:2 | Received a gift from Okawaru
 27274 | Shoals:2 | Found the +4 skin of Zhor {*Englaciate rC+++ SInv}
 28553 | Shoals:4 | Entered Level 4 of the Shoals
 28556 | Shoals:4 | Noticed Bai Suzhen
 28628 | Shoals:3 | Killed Bai Suzhen
 28629 | Shoals:3 | Reached skill level 1 in Translocations
 28743 | Shoals:4 | Noticed a kraken
 28757 | Shoals:4 | Killed a kraken
 28758 | Shoals:4 | Reached skill level 1 in Spellcasting
 29056 | Shoals:4 | Identified the +4 scale mail "Jifouts" {rElec} (Okawaru
                  | gifted it to you on level 4 of the Shoals)
 29056 | Shoals:4 | Received a gift from Okawaru
 29310 | Shoals:4 | Noticed Louise
 29338 | Shoals:4 | Killed Louise
 29436 | Shoals:4 | Reached XP level 18. HP: 165/168 MP: 26/26
 29468 | Shoals:4 | Got a barnacled rune of Zot
 29935 | Elf:1    | Entered Level 1 of the Elven Halls
 29977 | Elf:1    | Paralysed by an air elemental for 1 turns
 29999 | Elf:1    | Reached skill level 5 in Translocations
 30259 | Elf:1    | Identified the +1 pair of gloves of Obus {Harm rN+ Str-3}
 30887 | Elf:2    | Reached skill level 1 in Transmutations
 30911 | Elf:2    | Reached skill level 10 in Throwing
 30913 | Elf:2    | Received a gift from Okawaru
 30996 | Abyss:3  | Cast into level 3 of the Abyss (a deep elf demonologist)
 31001 | Abyss:3  | Found a corrupted altar of Lugonu.
 31210 | Abyss:3  | Received a gift from Okawaru
 31211 | Abyss:3  | Reached skill level 23 in Staves
 31332 | Elf:2    | Escaped the Abyss
 31586 | Elf:2    | Found a runed translucent gate.
 31587 | Elf:2    | Found a runed translucent gate.
 31587 | Elf:2    | Found a runed translucent gate.
 31618 | Elf:2    | Noticed Jorgrun
 31625 | Elf:2    | Killed Jorgrun
 31643 | Elf:2    | Received a gift from Okawaru
 31643 | Elf:2    | Paralysed by an air elemental for 1 turns
 31655 | Elf:2    | Paralysed by an air elemental for 1 turns
 31778 | Elf:2    | Received a gift from Okawaru
 32172 | Elf:2    | Reached XP level 19. HP: 157/177 MP: 27/27
 32328 | Elf:3    | Entered Level 3 of the Elven Halls
 32374 | Elf:3    | Identified the +7 chain mail "Xooteq" {Rampage rF+ Int+3
                  | Dex+6} (Okawaru gifted it to you on level 3 of the Elven
                  | Halls)
 32374 | Elf:3    | Received a gift from Okawaru
 32427 | Elf:3    | Found Xoxikk's Weapon Shop.
 32433 | Elf:3    | Found Aviloplu's Antique Weapon Boutique.
 33014 | Abyss:3  | Cast into level 3 of the Abyss (a deep elf demonologist)
 33016 | Abyss:3  | Found a corrupted altar of Lugonu.
 33188 | Elf:3    | Escaped the Abyss
 33208 | Elf:3    | Reached skill level 5 in Transmutations
 33267 | Arena    | Entered the Arena
 33269 | Arena    | Noticed a Tzitzimitl
 33368 | Elf:3    | Identified the +6 mace of Okawaru's Inspiration {flame,
                  | Fragile +Blink Will+ Str+3}
 33368 | Elf:3    | Identified the ring "Coxi" {rF+ Will+}
 33584 | Elf:3    | Identified the +9 short sword of Siukizef {heavy, Dex+7
                  | Stlth-}
 33646 | Elf:3    | Identified the +6 mace "Giantslayer" {freeze, rF+ Int+2
                  | SInv}
 33863 | Elf:3    | Identified the +6 morningstar of Ryut {venom, Str+2}
 33873 | Elf:3    | Identified the +3 rapier of Hotat {elec, *Rage Int+3 Dex+4}
 34370 | Vaults:1 | Entered Level 1 of the Vaults
 34422 | Vaults:1 | Received a gift from Okawaru
 34550 | Vaults:1 | Received a gift from Okawaru
 34561 | Vaults:1 | Noticed Nikola
 34570 | Vaults:1 | Killed Nikola
 34571 | Vaults:1 | Reached skill level 15 in Dodging
 34672 | Vaults:1 | Received a gift from Okawaru
 34806 | Vaults:1 | Found a gateway to a bazaar.
 34875 | Vaults:1 | Reached skill level 24 in Staves
 35040 | Vaults:1 | Received a gift from Okawaru
 35269 | Vaults:1 | Reached skill level 15 in Armour
 35286 | Vaults:1 | Reached XP level 20. HP: 187/187 MP: 25/28
 35634 | Vaults:1 | Received a gift from Okawaru
 35648 | Vaults:1 | Received a gift from Okawaru
 35886 | Vaults:2 | Identified the +0 hat of the Slightly Bent {Will+ Str+4}
                  | (Okawaru gifted it to you on level 2 of the Vaults)
 35886 | Vaults:2 | Received a gift from Okawaru
 37111 | Vaults:3 | Found a portal to a secret trove of treasure.
 37273 | Vaults:3 | Reached skill level 25 in Staves
 37675 | Vaults:3 | Identified the +1 scale mail of Sarrukid {rF+ rN+}
 37754 | Vaults:3 | Found a staircase to the Crypt.
 37754 | Vaults:3 | Found a basalt altar of Yredelemnul.
 37755 | Vaults:3 | Found an ancient bone altar of Kikubaaqudgha.
 37765 | Vaults:3 | Received a gift from Okawaru
 38372 | Vaults:4 | Paralysed by a great orb of eyes for 3 turns
 38507 | Vaults:4 | Reached XP level 21. HP: 151/196 MP: 29/29
 39715 | Crypt:1  | Entered Level 1 of the Crypt
 39851 | Crypt:1  | Found an ancient bone altar of Kikubaaqudgha.
 39863 | Crypt:1  | Received a gift from Okawaru
 40378 | Crypt:1  | Identified the +6 scale mail of Insecurity {rC+} (Okawaru
                  | gifted it to you on level 1 of the Crypt)
 40378 | Crypt:1  | Received a gift from Okawaru
 40726 | Crypt:2  | Found an ancient bone altar of Kikubaaqudgha.
 40896 | Crypt:2  | Reached skill level 26 in Staves
 41584 | Crypt:3  | Entered Level 3 of the Crypt
 41589 | Crypt:3  | Learned a level 2 spell: Passwall
 41593 | Crypt:3  | Learned a level 3 spell: Vhi's Electric Charge
 41791 | Vaults:3 | You paid a toll of a +7 demon blade to enter a treasure
                  | trove
 41792 | Trove    | Entered a treasure trove
 41795 | Trove    | Identified the ring of Oroudik {rC+ rCorr SInv}
 41799 | Trove    | Identified the ring of Bosaf {rC+ Str+2 Dex-3 Slay+4 SInv}
 41804 | Trove    | Identified the amulet of Lukinlul {Regen+ Str+3}
 41806 | Trove    | Identified the ring of Eternal Harmony {rN+ Will+ Str+4}
 41808 | Trove    | Identified the ring "Xicihis" {rC+ rN+ Will+ Str-2 Slay+4}
 41810 | Trove    | Identified the ring "Wues" {Will+ Int+3}
 41839 | Trove    | Identified the ring of Jiubaodeeck {rF+ Will+ Dex+3}
 41841 | Trove    | Identified the ring "Zufe" {rCorr AC+4 Str-2 Int+4 Dex+3}
 42106 | Crypt:3  | Noticed Mennas
 42253 | Crypt:3  | Reached skill level 1 in Air Magic
 42353 | Crypt:3  | Killed Mennas
 42353 | Crypt:3  | Identified the +9 quarterstaff "Piffeca" {heavy, *Slow rC+
                  | MP+9} (Okawaru gifted it to you on level 3 of the Crypt)
 42353 | Crypt:3  | Received a gift from Okawaru
 42354 | Crypt:3  | Reached XP level 22. HP: 159/209 MP: 22/30
 42632 | Crypt:3  | Received a gift from Okawaru
 42716 | Crypt:3  | Reached skill level 15 in Throwing
 42944 | Crypt:3  | Found an ancient bone altar of Kikubaaqudgha.
 42950 | Crypt:3  | Noticed a royal mummy
 43166 | Crypt:3  | Killed a royal mummy
 43266 | Crypt:3  | Found a basalt altar of Yredelemnul.
 43281 | Crypt:3  | Identified the ring "Vostrubb" {rN+ Will+ Str+4 SInv}
 43281 | Crypt:3  | Identified the ring "Boalihil" {rElec rC- rN+ Str+4 SInv}
 43281 | Crypt:3  | Identified the ring "Penelin" {rN+ Stlth+}
 43317 | Crypt:3  | Found the +5 consecrated labrys {holy, Valiant Fragile Fly
                  | SInv}
 43405 | Crypt:3  | Found a staircase to the Tomb.
 43816 | Depths:1 | Entered Level 1 of the Depths
 43894 | Depths:1 | Found a magical portal.
 43906 | WizLab   | Entered Maxwell's Workshop
 44152 | WizLab   | Received a gift from Okawaru
 44180 | WizLab   | Identified the ring of Xuz Ujia {Ice rCorr Slay+2 Stlth-}
 44254 | WizLab   | Identified the +4 plate armour of Mental Paralysis {Will+
                  | Dex+5}
 44278 | WizLab   | Identified the +6 hand axe "Deynget" {drain, rF+ Will++}
 44654 | Depths:1 | Received a gift from Okawaru
 44793 | Depths:1 | Noticed Aizul
 44795 | Depths:1 | Reached skill level 27 in Staves
 44812 | Depths:1 | Killed Aizul
 44842 | Depths:1 | Found a one-way gate leading to the halls of Pandemonium.
 44905 | Depths:1 | Identified the ring "Luffet" {Fly rF+ rC+ Stlth+}
 44912 | Depths:1 | Found Buuthrig's Self-Improvement Boutique.
 44916 | Depths:1 | Reached XP level 23. HP: 217/217 MP: 28/31
 44939 | Depths:1 | Identified the +9 rapier of Potwymef {pain, rElec rPois rC-
                  | Str+4}
 44968 | Depths:1 | Found a one-way gateway to a ziggurat.
 45336 | Bazaar   | Entered a bazaar
 45343 | Bazaar   | Found Numul's Antique Weapon Emporium.
 45354 | Bazaar   | Found Asyogic's Antique Weapon Shoppe.
 45369 | Bazaar   | Found Eseoffe's Antique Armour Shoppe.
 45380 | Bazaar   | Found Meroumim's Antique Armour Emporium.
 45411 | Bazaar   | Bought a fine triple crossbow for 360 gold pieces
 45411 | Bazaar   | Identified the +8 triple crossbow of the Scorching Gods
                  | {freeze, rN++ rCorr} (You bought it in a shop in a bazaar)
 45775 | Depths:2 | Identified the +2 leather armour "Cuutridgh" {Fly Will+}
 45951 | Depths:2 | Found a shimmering altar of Xom.
 46147 | Depths:2 | Reached skill level 1 in Earth Magic
 46226 | Depths:2 | Found a one-way gate to the infinite horrors of the Abyss.
 46228 | Depths:2 | Found Cuena's Jewellery Shop.
 46505 | Depths:3 | Identified the +6 quarterstaff "Hedgheupp" {holy, rPois
                  | Will+++ Int-5 SInv} (Okawaru gifted it to you on level 3 of
                  | the Depths)
 46505 | Depths:3 | Received a gift from Okawaru
 46690 | Depths:3 | Found a sparkling altar of Nemelex Xobeh.
 47397 | Depths:3 | Received a gift from Okawaru
 47715 | Depths:3 | Identified the +3 hat of Okawaru's Delight {rC+ Str-4
                  | Dex+5} (Okawaru gifted it to you on level 3 of the Depths)
 47715 | Depths:3 | Received a gift from Okawaru
 47758 | Depths:3 | Noticed a juggernaut
 47771 | Depths:3 | Killed a juggernaut
 47776 | Arena    | Entered the Arena
 47934 | Depths:4 | Entered Level 4 of the Depths
 48525 | Depths:4 | Found a gate to the Realm of Zot.
 48774 | Depths:4 | Noticed Saint Roka
 48782 | Depths:4 | Killed Saint Roka
 48793 | Depths:4 | Reached XP level 24. HP: 226/228 MP: 30/31
 48896 | Depths:4 | Identified the +1 quarterstaff of the Oracle {heavy, rElec
                  | rPois Int-3 Stlth+} (Okawaru gifted it to you on level 4 of
                  | the Depths)
 48896 | Depths:4 | Received a gift from Okawaru
 49100 | Depths:4 | Found Neolojou's Jewellery Shop.
 49102 | Depths:4 | Found Faroepul's Book Emporium.
 49103 | Depths:4 | Found Neropy's Jewellery Shop.
 49835 | Slime:1  | Entered Level 1 of the Pits of Slime
 49844 | Slime:2  | Noticed Dissolution
 49850 | Slime:2  | Killed Dissolution
 50230 | Slime:5  | Entered Level 5 of the Pits of Slime
 50239 | Slime:5  | Received a gift from Okawaru
 50451 | Slime:5  | Found a viscous altar of Jiyva.
 50451 | Slime:5  | Noticed the Royal Jelly
 50487 | Slime:5  | Killed the Royal Jelly
 50589 | Slime:5  | Found the +2 hat of the Bear Spirit {Spirit, Bear, *Rage
                  | Will++}
 50602 | Slime:5  | Got Sif Muna's Octavo of the Wind
 50614 | Slime:5  | Identified the +11 rapier of the Orcish Mines {elec, Fly
                  | rF+ Int+2}
 50633 | Slime:5  | Identified the ring "Roingiav" {rPois Dex+4}
 50672 | Slime:5  | Got a slimy rune of Zot
 50703 | Slime:5  | Acquired 738 gold pieces
 51281 | D:10     | Identified the +4 trident of the Hierophant {freeze, rPois
                  | Int+2}
 51319 | D:11     | Killed anet's ghost
 51320 | D:11     | Killed LetschGu's ghost
 51666 | Zot:1    | Entered Level 1 of the Realm of Zot
 52896 | Zot:2    | Identified the +9 great mace of Ragnarok {elec, rPois
                  | Int+3}
 52951 | Zot:2    | Received a gift from Okawaru
 53421 | Zot:2    | Reached XP level 25. HP: 151/238 MP: 22/31
 54301 | Zot:3    | Received a gift from Okawaru
 54674 | Zot:4    | Noticed a Killer Klown
 54678 | Zot:3    | Received a gift from Okawaru
 54719 | Zot:4    | Noticed an ancient lich
 54723 | Zot:4    | Noticed a dread lich
 54737 | Zot:4    | Killed a Killer Klown
 54756 | Zot:3    | Received a gift from Okawaru
 54933 | Zot:4    | Found a transporter.
 55214 | Zot:4    | Received a gift from Okawaru
 55257 | Zot:4    | Identified the +6 morningstar of Ibiadgh {heavy, MP+9 Str+3
                  | Int+2}
 55322 | Zot:4    | Identified the +9 spear "Test" {pain, rN++ Int-3}
 55448 | Zot:4    | Received a gift from Okawaru
 56131 | Vaults:5 | Entered Level 5 of the Vaults
 56147 | Vaults:5 | Noticed Mara
 56158 | Vaults:5 | Received a gift from Okawaru
 56174 | Vaults:5 | Noticed RepoMan's illusion
 56176 | Vaults:5 | Killed Mara
 56177 | Vaults:5 | Reached skill level 5 in Air Magic
 56281 | Vaults:5 | Received a gift from Okawaru
 56522 | Vaults:5 | Got Sif Muna's Book of Foggy Relocation
 56547 | Vaults:5 | Reached XP level 26. HP: 209/250 MP: 25/31
 56675 | Vaults:5 | Identified the +7 war axe of the Special Thickets {holy,
                  | Stlth+}
 56803 | Vaults:5 | Received a gift from Okawaru
 56924 | Vaults:5 | Got a silver rune of Zot
 56985 | Vaults:5 | Identified the +9 sling of Xosuf {elec, Dex+3}
 57061 | Vaults:5 | Got the Tome of Searing Ice
 57095 | Vaults:5 | Noticed a dread lich
 57121 | Vaults:5 | Killed a dread lich
 57234 | Vaults:5 | Got the Codex of Luminous Refrigeration
 57285 | Vaults:5 | Identified the +4 quick blade "Beicramp" {freeze, Contam
                  | MP+9 Int+3}
 57316 | Vaults:5 | Noticed a dread lich
 57327 | Vaults:5 | Killed a dread lich
 57855 | Vaults:5 | Identified the +4 flail "Rykkicseru" {vamp, rElec Int+2}
 57866 | Vaults:5 | Identified the +8 short sword "Hekkugoul" {venom, rCorr
                  | MP+9}
 57873 | Vaults:5 | Identified the +8 dagger of the Tomato {freeze, +Blink rF+
                  | Int+2}
 58414 | Zot:5    | Entered Level 5 of the Realm of Zot
 58501 | Zot:5    | Received a gift from Okawaru
 58576 | Zot:5    | Identified the +1 hat of Follow the Leader {rF+} (Okawaru
                  | gifted it to you on level 5 of the Realm of Zot)
 58576 | Zot:5    | Received a gift from Okawaru
 59157 | Zot:5    | Noticed an ancient lich
 59171 | Zot:5    | Killed an ancient lich
 59248 | Zot:5    | Noticed an orb of fire
 59260 | Zot:5    | Killed an orb of fire
 59269 | Zot:5    | Noticed an ancient lich
 59282 | Zot:5    | Killed an ancient lich
 59473 | Zot:5    | Noticed a dread lich
 59481 | Zot:5    | Killed a dread lich
 59636 | Zot:5    | Noticed an orb of fire
 59650 | Zot:5    | Killed an orb of fire
 59675 | Zot:5    | Identified the +7 crystal plate armour "Aczod" {rN+ Will-
                  | Int+5} (Okawaru gifted it to you on level 5 of the Realm of
                  | Zot)
 59675 | Zot:5    | Received a gift from Okawaru
 59823 | Zot:5    | Lost intelligence.
 59828 | Arena    | Entered the Arena
 59837 | Arena    | Lost mutation: You are weak. (Str -2) [potion of mutation]
 59837 | Arena    | Gained mutation: You are dopey. (Int -2) [potion of
                  | mutation]
 59837 | Arena    | Gained mutation: You are weak. (Str -2) [potion of
                  | mutation]
 59838 | Arena    | Lost mutation: You are weak. (Str -2) [potion of mutation]
 59838 | Arena    | Lost mutation: You are dopey. (Int -2) [potion of mutation]
 59838 | Arena    | Gained mutation: You are vulnerable to heat. (rF-) [potion
                  | of mutation]
 59838 | Arena    | Gained mutation: You have sharp toenails. [potion of
                  | mutation]
 59838 | Arena    | Gained mutation: You are partially covered in iridescent
                  | scales. (AC +2) [potion of mutation]
 59839 | Arena    | Lost mutation: You have sharp toenails. [potion of
                  | mutation]
 59839 | Arena    | Lost mutation: You are vulnerable to heat. (rF-) [potion of
                  | mutation]
 59839 | Arena    | Gained mutation: You are resistant to electric shocks.
                  | (rElec) [potion of mutation]
 59839 | Arena    | Gained mutation: Your muscles are strong. (Str +4, Int/Dex
                  | -1) [potion of mutation]
 59914 | Zot:5    | Identified the +1 ring mail "Unkeomno" {Harm Rampage Int+7
                  | Dex-4}
 61160 | Zot:5    | Got the Orb of Zot
 61190 | Zot:5    | Reached XP level 27. HP: 235/261 MP: 28/31
 61765 | D:$      | Escaped with the Orb!

Illustrated notes

Levels and vault maps discovered:
D:1:      dpeg_arrival_prison, layout_rooms
D:2:      layout_basic, minmay_cut_off
D:3:      minmay_spotlight, layout_basic, kennysheep_generic_room_13,
          uniq_natasha
D:4:      layout_cave_pools, lightli_sewer_entry_pipes, uniq_eustachio
D:5:      layout_basic, nicolae_qazlal_scattered_showers, serial_shops,
          kennysheep_little_box, minivault_25, nicolae_shop_sticking_my_neck_out
D:6:      layout_loops_ring, minmay_temple_entry_offerings,
          minmay_chambers_of_fives
D:7:      layout_rooms, lemuel_blue_sif_altar
D:8:      layout_basic, uniq_joseph, uniq_pikel, uniq_prince_ribbit1
D:9:      minmay_skewed_foursquare, layout_basic, hiddenorc1_lemuel,
          amcnicky_mini_rare_corridor_liquid, uniq_grum
D:10:     gammafunk_the_bubble [the_bubble_gammafunk_crates], layout_cave_pools,
          lair_entry_dummy, serial_shops, nicolae_diamond_shop
D:11:     layout_big_octagon, gammafunk_ghost_cemetery, serial_co_window_serial,
          co_window_corner_a, co_window_paths_a, co_window_paths_b,
          co_window_paths_a, co_window_corner_a, co_window_paths_a,
          co_window_corner_a, co_window_of_opportunity_a, co_window_corner_a,
          co_window_broadway_b, co_window_unsneaky_path_d, co_window_corner_b,
          co_window_broadway_a, glass_columns_a
D:12:     layout_roguey, trog_hazing_becter, uniq_kirke
D:13:     layout_cave_pools, uniq_maurice
D:14:     layout_basic, ximxim_vaults_locker_room,
          chequers_serial_rivers_room_a, minmay_evil_grid
D:15:     grunt_enter_depths_hoard, layout_gridville, minmay_misc_feat_columns,
          minmay_misc_feat_x, lemuel_flamethrower_3, uniq_josephine,
          uniq_roxanne
Temple:   nicolae_temple_slightly_damp_pantheon
Lair:1:   layout_loops_ring, serial_bayou_shore_a
Lair:2:   layout_cave_shapes, kennysheep_abandoned_house, grunt_megastairs_3
Lair:3:   layout_roguey, minmay_shoals_entry_centaurs,
          nicolae_spider_entry_tight_spaces
Lair:4:   layout_regular_city, gammafunk_lair_bear_cave
Lair:5:   evil_forest, layout_cave_pods, nicolae_slime_entry_field_trip,
          st_stairs_5, minivault_11, infiniplex_staircase_pool_2
Shoals:1: layout_shoals, nicolae_shoals_water_booths
Shoals:2: layout_shoals, nicolae_shoals_land_atoll, st_cyclops
Shoals:3: layout_shoals
Shoals:4: shoals_end_hangedman, layout_shoals, uniq_louise, uniq_bai_suzhen
Spider:1: layout_chambers, hellmonk_test_site, uniq_azrael
Spider:2: layout_spider_delve, uniq_arachne, uniq_asterion
Spider:3: nicolae_spider_mines_1
Spider:4: guppyfry_spider_rune
Slime:1:  layout_caves, basic_altar
Slime:2:  layout_caves, dissolution_awaits, uniq_dissolution
Slime:3:  layout_caves
Slime:4:  layout_caves, nicolae_slime_phagocytosis
Slime:5
Orc:1:    layout_diamond_mine, basic_altar, minmay_orc_barracks
Orc:2:    grunt_orc_tribal_feast, layout_caves, gauntlet_entry_generic,
          serial_shops, nicolae_shop_stone
Elf:1:    layout_loops_cross, hangedman_elf_represent, grunt_ministairs_6
Elf:2:    nicolae_elf_blades_crystal_corner, layout_gridlike, uniq_jorgrun
Elf:3:    elf_hall, layout_loops_corners, minmay_shoptagon
Vaults:1: hangedman_vaults_nodes, nicolae_vaults_triangles,
          ontoclasm_vaults_fault, ontoclasm_vaults_chip, grunt_vaults_twisty,
          v_rooms_1, v_misc_3, dpeg_vaults_hating_casters,
          ontoclasm_vaults_pinch, hangedman_vaults_impose, grunt_vaults_focal,
          layout_vaults_ring, serial_shops, statue_bzr, uniq_nikola
Vaults:2: v_pattern_4, v_rooms_2, nicolae_vaults_border_crossing,
          vaults_mumra_lcd, ontoclasm_vaults_decontamination,
          ontoclasm_vaults_eye, dpeg_vaults_monster_box,
          nicolae_vaults_little_squares_4, layout_vaults_omnigrid
Vaults:3: nicolae_vaults_network_star, vaults_room_fancy_cross,
          ontoclasm_vaults_idyll, minmay_crypt_entry_necro_gods,
          hangedman_vaults_stretched_pinwheel, ontoclasm_vaults_gallery,
          v_alt_pattern_5, v_rooms_5, vaults_dpeg_emergency_exit,
          nicolae_vaults_little_squares_2, layout_vaults_omnicross,
          nicolae_trove_entry_isolated
Vaults:4: hangedman_vaults_impose, v_misc_1, serial_ice_h, grunt_vaults_funnel,
          vaults_dpeg_hooks, nicolae_vaults_big_ls, ontoclasm_vaults_spin,
          nicolae_vaults_little_squares_6, nicolae_vaults_little_squares_5,
          v_pattern_1, v_misc_1, v_misc_23, grunt_vaults_hallway_long,
          vaults_room_hallway, layout_vaults_omnibox
Vaults:5: uniq_mara
Crypt:1:  layout_regular_city, basic_altar, minmay_misc_feat_pillars,
          grunt_crypt_arrival_split
Crypt:2:  layout_misc_corridors, basic_altar
Crypt:3:  lightli_unholy_cathedral, layout_chaotic_city,
          tomb_entry_shell_bobbens, serial_sigils_hangedman_clutch, uniq_mennas
Depths:1: layout_cave_pools, enter_ziggurat_c, special_room
          [special_room_morgue], mu_enter_wizlab_3, serial_column_ruins,
          column_ruins_portal_astroid, column_ruins_grid_2, column_ruins_grid_4,
          column_ruins_open_tiny_water, column_ruins_open_small_water,
          hell_entry, nicolae_shop_self_help, uniq_aizul
Depths:2: cheibrodos_quadrivalence, layout_gridlike, grunt_pan_entry_zigzag,
          serial_shops, nicolae_shop_advertising_works
          [nicolae_subvault_shop_adworks], hell_entry, abyss_entry,
          brannock_xom_greatest_gift, infiniplex_staircase_pillars_1
Depths:3: cheibrodos_hall_of_evolution, layout_cave_shapes,
          nemelex_diamond_rough_becter, grunt_hell_entry_demonic_statue,
          abyss_entry
Depths:4: evilmike_zot_entry_diamond, layout_cave_shapes, serial_rivers,
          chequers_serial_rivers_micro_e, chequers_serial_rivers_micro_b,
          chequers_serial_rivers_small_b, chequers_serial_rivers_small_3,
          chequers_serial_rivers_micro_e, chequers_serial_rivers_micro_a,
          hell_entry, grunt_ministairs_14, kilobyte_rumbling_trees,
          minmay_shop_grove, uniq_saint_roka
Zot:1:    layout_cellular_growth
Zot:2:    layout_gridlike
Zot:3:    layout_onion_interference, uniq_josephina
Zot:4:    gammafunk_sealed_library, layout_onion_interference, st_stairs_3,
          st_large_dragon_hoard_1
Zot:5:    layout_misc_corridors, grunt_ministairs_12, st_stairs_9

Skill      XL: |  1  2  3  4  5  6  7  8  9 10 11 12 13 14 15 16 17 18 19 20 21 22 23 24 25 26 27 |
---------------+----------------------------------------------------------------------------------+-----
Staves         | 4 5 6 8 9 10 11 13 14 16 17 19 20 21 22 23 24 25 26 27 | 27.0
Fighting       | 3 4 6 8 9 10 12 13 14 15 16 17 18 19 20 21 22 23 24 | 24.3
Armour         | 2 3 5 7 9 11 12 13 14 15 16 17 18 20 22 | 22.2
Dodging        | 4 5 7 8 9 11 12 13 14 15 16 17 18 19 20 | 20.9
Throwing       | 4 5 6 8 9 10 11 12 14 15 16 17 18 19 | 19.4
Invocations    | 2 4 6 8 9 10 11 12 13 | 13.3
Translocations | 4 6 8 9 |  9.9
Spellcasting   | 1 2 3 4 |  4.2
Transmutations | 4 6 7 9 |  9.9
Air Magic      | 1 2 3 5 8 9 |  9.1
Earth Magic    | 2 3 |  3.3

Action                     |  1- 3 |  4- 6 |  7- 9 | 10-12 | 13-15 | 16-18 | 19-21 | 22-24 | 25-27 || total
---------------------------+-------+-------+-------+-------+-------+-------+-------+-------+-------++-------
  Melee: Quarterstaff      |    78 |   142 |   233 |   673 |   321 |       |       |     5 |    61 ||  1513
         Headbutt          |    12 |    26 |    45 |   176 |   219 |   246 |   388 |   371 |   221 ||  1704
         Lajatang          |       |       |       |       |   664 |  1014 |  1285 |  1210 |   632 ||  4805
  Throw: Stone             |     2 |     5 |    14 |    72 |    16 |       |       |       |       ||   109
         Throwing net      |       |     3 |     5 |     3 |     2 |     4 |    11 |     6 |     4 ||    38
         Javelin           |       |     1 |     3 |     2 |     7 |    22 |    26 |    56 |    49 ||   166
         Dart              |       |       |     1 |    61 |    35 |    21 |       |       |       ||   118
         Boomerang         |       |       |     1 |    10 |     4 |    11 |   117 |   279 |   267 ||   689
   Cast: Lesser Beckoning  |       |       |       |       |       |    12 |    63 |    80 |    38 ||   193
         Wereblood         |       |       |       |       |       |     1 |    42 |    32 |    13 ||    88
         Passwall          |       |       |       |       |       |       |       |       |     2 ||     2
 Invoke: Heroism           |       |       |       |     1 |     8 |     4 |     7 |    12 |     7 ||    39
         Finesse           |       |       |       |       |     2 |     1 |     1 |       |       ||     4
         Duel              |       |       |       |       |     1 |       |     1 |     1 |     1 ||     4
  Evoke: Wand              |       |       |     5 |    16 |     7 |    16 |     3 |     2 |     2 ||    51
         Phial of floods   |       |       |       |       |       |       |     3 |       |     2 ||     5
         Condenser vane    |       |       |       |       |       |       |     3 |     3 |     2 ||     8
    Use: Scroll            |       |     6 |     2 |     7 |    13 |     3 |    14 |    15 |    13 ||    73
         Potion            |       |       |     5 |     3 |     7 |     5 |    11 |    17 |    12 ||    60
   Stab: Sleeping          |       |     2 |       |     1 |       |       |       |     1 |       ||     4
         Held in net/web   |       |     2 |     4 |     1 |     1 |     5 |       |     1 |       ||    14
         Invisible         |       |       |       |     1 |     6 |     3 |       |       |       ||    10
         Distracted        |       |       |       |       |     1 |     1 |       |       |       ||     2
         Confused          |       |       |       |       |       |       |     2 |       |     2 ||     4
         Petrifying        |       |       |       |       |       |       |       |     1 |       ||     1
         Petrified         |       |       |       |       |       |       |       |     1 |       ||     1
 Armour: Leather armour    |    14 |    17 |    24 |    46 |    20 |       |       |       |       ||   121
         Plate armour      |       |       |       |       |   104 |       |       |       |       ||   104
         Scale mail        |       |       |       |       |    37 |   248 |   241 |    79 |       ||   605
         Storm dragon scal |       |       |       |       |       |       |       |   155 |       ||   155
         Skin              |       |       |       |       |       |       |       |    10 |       ||    10
         Gold dragon scale |       |       |       |       |       |       |       |   100 |   300 ||   400
  Dodge: Dodged            |    45 |    76 |   118 |   393 |   757 |  1044 |  1102 |  1378 |   781 ||  5694
  Block: Other             |       |       |       |       |       |    19 |   183 |       |       ||   202
         Reflection        |       |       |       |       |       |     2 |    12 |       |       ||    14

Table legend: (Time is in decaauts)
 A = Elapsed time spent in this place.
 B = Non-inter-level travel time spent in this place.
 C = Inter-level travel time spent in this place.
 D = Time resting spent in this place.
 E = Time spent auto-exploring this place.
 F = Levels seen in this place.
 G = Mean time per level.
                   A        B        C        D        E       F      G
               +--------+--------+--------+--------+--------+-----+--------+
         Total |  60107 |  53439 |   6668 |   4217 |  28687 |  67 |  897.1 |
       Dungeon |  14754 |  12682 |   2072 |   1026 |   7470 |  15 |  983.6 |
        Temple |    155 |    142 |     13 |      0 |      0 |   1 |  155.0 |
          Lair |   6724 |   6297 |    427 |    616 |   4255 |   5 | 1344.8 |
        Shoals |   3689 |   3509 |    180 |    122 |   2070 |   4 |  922.2 |
   Spider Nest |   3435 |   3260 |    175 |     36 |   2033 |   4 |  858.8 |
    Slime Pits |   1187 |   1077 |    110 |    143 |    252 |   5 |  237.4 |
  Orcish Mines |   1240 |   1101 |    139 |      0 |    454 |   2 |  620.0 |
   Elven Halls |   3608 |   3409 |    199 |    246 |   1625 |   3 | 1202.7 |
        Vaults |   7990 |   6644 |   1346 |    235 |   3746 |   5 | 1598.0 |
         Crypt |   3614 |   3162 |    452 |    281 |   1504 |   3 | 1204.7 |
        Depths |   5244 |   4424 |    820 |    408 |   2407 |   4 | 1311.0 |
           Zot |   6141 |   5411 |    730 |    859 |   2647 |   5 | 1228.2 |
         Abyss |    469 |    469 |      0 |      7 |     36 |   2 |  234.5 |
        Bazaar |     98 |     98 |      0 |      0 |      0 |   1 |   98.0 |
         Trove |     65 |     65 |      0 |      0 |      0 |   1 |   65.0 |
         Sewer |    502 |    502 |      0 |    126 |    139 |   1 |  502.0 |
        Wizlab |    594 |    594 |      0 |     73 |     47 |   1 |  594.0 |
      Gauntlet |    513 |    513 |      0 |     16 |      0 |   1 |  513.0 |
         Arena |     76 |     76 |      0 |     20 |      0 |   4 |   19.0 |
               +--------+--------+--------+--------+--------+-----+--------+

Top non-repeatable levels by time:
  Lair:5: 1895 daAuts
Vaults:3: 1805 daAuts
Vaults:1: 1748 daAuts
    D:15: 1743 daAuts
   Zot:5: 1729 daAuts
Depths:4: 1729 daAuts
Vaults:5: 1698 daAuts
   Elf:3: 1604 daAuts
   Zot:2: 1532 daAuts
     D:9: 1489 daAuts
  Lair:2: 1484 daAuts
Depths:3: 1460 daAuts
 Crypt:3: 1429 daAuts
Vaults:2: 1423 daAuts
Vaults:4: 1313 daAuts
